 Dungeon Crawl Stone Soup version 0.31-a0-267-g3fc6992b3b (webtiles) character file.

Game seed: 6061570925151494212

378 qw the Shooter (level 6, 0/37 HPs)
             Began as a Gargoyle Hexslinger on July 13, 2023.
             Was an Initiate of Okawaru.
             Splashed by a jelly's acid (8 damage)
             ... on level 5 of the Dungeon.
             The game lasted 00:01:15 (2853 turns).

qw the Shooter (Gargoyle Hexslinger)                Turns: 2853, Time: 00:01:16

Health: 0/37       AC: -1    Str: 12    XL:     6   Next: 74%
Magic:  7/7        EV: 11    Int: 13    God:    Okawaru [......]
Gold:   135        SH:  0    Dex: 20    Spells: 6/7 levels left

rFire   . . .        Y - +1 sling
rCold   . . .        (no shield)
rNeg    + . .        j - +0 ring mail
rPois   inf          (no helmet)
rElec   +            (no cloak)
rCorr   .            h - +0 pair of gloves
SInv    .            (no boots)
Will    .....        (no amulet)
Stlth   +            c - +6 ring of dexterity
HPRegen 0.26/turn    (no ring)
MPRegen 0.10/turn

%: no passive effects
@: corroded
A: sickness immunity, AC +4, negative energy resistance 1, electricity
resistance, torment resistance 1, petrification resistance
a: Renounce Religion


You were on level 5 of the Dungeon.
You worshipped Okawaru.
Okawaru was noncommittal.
You visited 2 branches of the dungeon, and saw 6 of its levels.

You collected 135 gold pieces.


Innate Abilities, Weirdness & Mutations

You are immune to sickness and miasma.
Your stone body is resilient. (AC +4)
You are immune to poison.
You resist negative energy. (rN+)
You are resistant to electric shocks. (rElec)
You are resistant to unholy torment.
You are immune to petrification.


   Skills:
 + Level 3.0 Fighting
 - Level 6.1 Ranged Weapons
 - Level 1.5 Armour
 - Level 1.5 Dodging
 - Level 1.0 Spellcasting
 - Level 2.6 Hexes


You had 6 spell levels left.
You knew the following spells:

 Your Spells              Type           Power      Damage    Failure   Level
a - Slow                  Hex            28%        N/A       21%         1

Your spell library contained the following spells:

 Spells                   Type           Power      Damage    Failure   Level
 Inner Flame              Hex/Fire       4%         N/A       71%         3
 Portal Projectile        Hex/Tloc       8%         N/A       71%         3
 Cause Fear               Hex            3%         N/A       90%         4

Inventory:

Hand Weapons
 Y - a +1 sling (weapon)
Armour
 h - a +0 pair of gloves (worn)
 j - a +0 ring mail (worn)
Jewellery
 c - a +6 ring of dexterity (left hand)
Wands
 l - a wand of digging (2)
Scrolls
 b - a scroll of identify
Potions
 e - a potion of lignification {unknown}
 f - a potion of enlightenment {unknown}
 g - a potion of haste
 i - a potion of mutation {unknown}

Dungeon Overview and Level Annotations

Branches:
Dungeon (5/15)             Temple (1/1) D:4

Altars:
Ashenzari
Cheibriados
Dithmenos
Fedhas
Gozag
Hepliaklqana
Kikubaaqudgha
Makhleb
Nemelex Xobeh
Okawaru
Qazlal
Ru
Sif Muna
Trog
Uskayaw
Vehumet
Wu Jian
Xom
Zin
The Shining One


Message History

Your extra speed is starting to run out.
The jelly hits you but does no damage. The ice beast closely misses you.
You shoot a sling bullet.
The sling bullet hits the ice beast but does no damage.
The ice beast is severely wounded.
The jelly closely misses you.
The ice beast hits you but does no damage.
You shoot a sling bullet.
The sling bullet barely misses the ice beast.
You shoot a sling bullet.
The sling bullet barely misses the ice beast.
The ice beast hits you but does no damage.
The jelly misses you.
You shoot a sling bullet.
The sling bullet hits the ice beast but does no damage.
The ice beast is severely wounded.
The jelly completely misses you.
The ice beast hits you but does no damage.
You shoot a sling bullet.
The sling bullet barely misses the ice beast.
The jelly hits you. The acid corrodes you!
You are splashed with acid!
The ice beast hits you but does no damage.
2849 ||| DRINKING potion of heal wounds.
You feel much better.
You shoot a sling bullet. The sling bullet hits the ice beast!
The ice beast is almost dead.
The jelly hits you but does no damage. The ice beast barely misses you.
You shoot a sling bullet.
The sling bullet barely misses the ice beast.
You feel yourself slow down. The ice beast barely misses you.
The jelly hits you. The acid corrodes you!
You are splashed with acid!
You shoot a sling bullet.
The sling bullet hits the ice beast but does no damage.
The ice beast is almost dead.
The jelly barely misses you. The ice beast hits you. The ice beast freezes you!
You shoot a sling bullet.
The sling bullet barely misses the ice beast.
The jelly hits you. The acid corrodes you!
You are splashed with acid!
You die...

#######
#.....#
#.....# ####
#.....# .....
#.....#......
#....@Y......
#..<.J#......
#.....# .....
#.....# ....
#.....# ...
#.....# ##
#......
+.......
#........


You could see an ice beast and a jelly.

Vanquished Creatures
  An ogre (D:3)
  A bullfrog (D:4)
  A scorpion (D:4)
  A hound (D:4)
  An iguana (D:4)
  3 adders
  4 worms
  4 dart slugs
  An orc (D:3)
  5 ball pythons
  6 endoplasms
  A giant cockroach (D:4)
  4 goblins
  7 hobgoblins
  4 jackals (D:2)
  5 quokkas
  6 bats
  2 frilled lizards
  10 kobolds
  A rat (D:3)
68 creatures vanquished.

Notes
Turn   | Place    | Note
-------+----------+-------------------------------------------
     0 | D:1      | qw the Gargoyle Hexslinger began the quest for the Orb.
     0 | D:1      | Reached XP level 1. HP: 12/12 MP: 2/2
     0 | D:1      | 0 ||| qw: Version: 0.3-a-52-g30416fa
     0 | D:1      | 0 ||| qw: Game counter: 7664
     0 | D:1      | 0 ||| qw: Melee chars always use a shield: true
     0 | D:1      | 0 ||| qw: God list: Okawaru
     0 | D:1      | 0 ||| qw: Allow faded altars: false
     0 | D:1      | 0 ||| qw: Do Orc after clearing Dungeon:15 true
     0 | D:1      | 0 ||| qw: Do second Lair branch before Depths: true
     0 | D:1      | 0 ||| qw: Lair rune preference: random
     0 | D:1      | 0 ||| qw: Goals: Normal
     0 | D:1      | 0 ||| PLANNING D:1-11
    99 | D:1      | Found a faded altar of an unknown god.
   134 | D:1      | Reached XP level 2. HP: 16/16 MP: 3/3
   179 | D:1      | Reached skill level 3 in Ranged Weapons
   188 | D:1      | HP: 3/16 [ball python (2)]
   332 | D:1      | You fall into a shaft and drop 1 floor!
   447 | D:2      | Reached XP level 3. HP: 17/21 MP: 4/4
   462 | D:2      | 462 ||| UPGRADING to +0 leather armour.
   472 | D:2      | 472 ||| DROPPING +0 robe.
   473 | D:2      | 473 ||| READING scroll labelled IRITOE KAMYELL.
   474 | D:2      | 474 ||| DROPPING scroll of poison.
  1175 | D:2      | Reached XP level 4. HP: 24/26 MP: 5/5
  1260 | D:2      | Reached skill level 4 in Ranged Weapons
  1345 | D:2      | 1345 ||| UPGRADING to +0 pair of gloves.
  1350 | D:2      | 1350 ||| READING scroll labelled MOMAFA GOOSIC.
  1351 | D:2      | 1351 ||| READING scroll labelled JETOACYSTA.
  1352 | D:2      | 1352 ||| DRINKING 2 metallic sapphire potions.
  1353 | D:2      | 1353 ||| DROPPING potion of invisibility.
  1436 | D:3      | Noticed an ogre
  1446 | D:3      | Killed an ogre
  1447 | D:3      | Reached skill level 5 in Ranged Weapons
  1447 | D:3      | Reached XP level 5. HP: 24/30 MP: 6/6
  1890 | D:3      | Found an ornate altar of the Wu Jian Council.
  2092 | D:3      | 2092 ||| UPGRADING to +0 ring mail.
  2102 | D:3      | 2102 ||| DROPPING +0 leather armour.
  2103 | D:3      | 2103 ||| UPGRADING to +6 ring of dexterity.
  2104 | D:3      | 2104 ||| READING scroll labelled IDELEUK POUB.
  2107 | D:3      | 2107 ||| READING scroll labelled NINASH SYPPAMI.
  2108 | D:3      | 2108 ||| READING 3 scrolls of identify.
  2108 | D:3      | 2108 ||| IDENTIFYING black potion
  2109 | D:3      | 2109 ||| READING 2 scrolls of identify.
  2109 | D:3      | 2109 ||| IDENTIFYING inky potion
  2110 | D:3      | 2110 ||| DROPPING potion of brilliance.
  2148 | D:4      | Reached skill level 1 in Armour
  2322 | D:4      | Found a staircase to the Ecumenical Temple.
  2323 | D:4      | 2323 ||| PLANNING TEMPLE
  2336 | Temple   | Entered the Ecumenical Temple
  2336 | Temple   | Found a transporter.
  2336 | Temple   | Found a transporter.
  2338 | Temple   | Found a transporter.
  2338 | Temple   | Found a transporter.
  2348 | Temple   | 2348 ||| PLANNING D:1-11
  2351 | Temple   | 2351 ||| PLANNING OKAWARU WORSHIP
  2358 | Temple   | Became a worshipper of Warmaster Okawaru
  2359 | Temple   | 2359 ||| PLANNING D:1-11
  2404 | D:4      | Reached skill level 3 in Fighting
  2404 | D:4      | Reached XP level 6. HP: 37/37 MP: 7/7
  2468 | D:4      | Reached skill level 6 in Ranged Weapons
  2813 | D:4      | 2813 ||| READING 3 scrolls labelled ZOERAPLI HOAFO.
  2814 | D:4      | 2814 ||| DRINKING 2 orange potions.
  2815 | D:4      | 2815 ||| DROPPING 2 scrolls of fear.
  2825 | D:5      | Entered Level 5 of the Dungeon
  2828 | D:5      | Noticed an ice beast
  2848 | D:5      | HP: 8/37 [acid (9)]
  2849 | D:5      | 2849 ||| DRINKING potion of heal wounds.
  2853 | D:5      | HP: 8/37 [jelly (1)]
  2853 | D:5      | Splashed by a jelly's acid

Levels and vault maps discovered:
D:1:      lightli_arrival_statue_moat, layout_rooms,
          chequers_ecumenical_altar_island
D:2:      layout_loops_corners
D:3:      layout_basic, pdpol_wu_jian_five_deadly_venoms
D:4:      layout_cave_pools, minmay_temple_entry_glass
D:5:      layout_gridville, serial_shops, shop, uniq_menkaure, uniq_ijyb,
          uniq_blork_the_orc, uniq_sigmund
Temple:   hellmonk_temple_divided_pantheon

Skill      XL: |  1  2  3  4  5  6 |
---------------+-------------------+-----
Ranged Weapons | 3 5 6 |  6.1
Fighting       | 2 3 |  3.0
Armour         | 1 |  1.5
Dodging        | |  1.5
Spellcasting   | |  1.0
Hexes          | |  2.6

Action                     |  1- 3 |  4- 6 || total
---------------------------+-------+-------++-------
   Fire: Sling             |   131 |   164 ||   295
    Use: Scroll            |     1 |     7 ||     8
         Potion            |       |     3 ||     3
 Armour: Robe              |    14 |       ||    14
         Leather armour    |    24 |     6 ||    30
         Ring mail         |       |    43 ||    43
  Dodge: Dodged            |    42 |    78 ||   120

Table legend:
 A = Non-vault XP
 B = Vault XP
 C = Vault XP percentage of total XP
 D = Non-vault monster count
 E = Vault monster count
 F = Vault count percentage of total count
                 A         B        C        D         E       F
            +---------+---------+-------+---------+---------+-------
      Total |     541 |       0 |   0.0 |      68 |       0 |   0.0
            +---------+---------+-------+---------+---------+-------
        D:1 |      38 |       0 |   0.0 |      19 |       0 |   0.0
        D:2 |      59 |       0 |   0.0 |      20 |       0 |   0.0
        D:3 |     135 |       0 |   0.0 |      11 |       0 |   0.0
        D:4 |     309 |       0 |   0.0 |      18 |       0 |   0.0
            +---------+---------+-------+---------+---------+-------
